 Dungeon Crawl Stone Soup version 0.29.1-15-g9cfb28693d (webtiles) character file.

Game seed: 6211692742109467373

310 Sharkman1231 the Chiller (level 6, -9/41 HPs)
             Began as a Demonspawn Ice Elementalist on Apr 17, 2023.
             Mangled by a gnoll sergeant
             ... wielding a +3 vorpal spear
              (11 damage)
             ... on level 5 of the Dungeon.
             The game lasted 00:06:38 (5052 turns).

Sharkman1231 the Chiller (DsIE)                     Turns: 5052, Time: 00:06:39

Health: -9/41      AC:  6    Str:  5 (8)  XL:     6   Next: 18%
Magic:  9/18       EV: 12    Int: 24 (26) God:
Gold:   127        SH:  0    Dex: 14 (16) Spells: 5/9 levels left

rFire   + . .      SeeInvis .     - Unarmed
rCold   . . .      Faith    .   (no shield)
rNeg    . . .      Spirit   .   u - +3 leather armour {rF+}
rPois   .          Reflect  .   (no helmet)
rElec   .          Harm     .   l - scarf {shadows}
rCorr   .          Rampage  .   (gloves unavailable)
Will    .....                   (no boots)
Stlth   ++........              (no amulet)
HPRegen 0.13/turn               g - +6 ring of intelligence
MPRegen 0.16/turn               o - ring of magical power

@: mighty, freezing walls, flying
A: claws 3, big brain 2
a: no special abilities


You were on level 5 of the Dungeon.
You visited 1 branch of the dungeon, and saw 5 of its levels.

You collected 127 gold pieces.

Inventory:

Hand Weapons
 d - a +0 whip
 y - a +2 flail of pain
Armour
 l - a scarf of shadows (worn)
 u - a +3 leather armour of fire resistance (worn)
 B - a +0 kite shield
Jewellery
 c - a ring of positive energy
 g - a +6 ring of intelligence (left claw)
 o - a ring of magical power (right claw)
Scrolls
 a - 3 scrolls of poison {unknown}
 e - a scroll of summoning {unknown}
 f - 3 scrolls of fog {unknown}
 h - a scroll of enchant weapon {unknown}
 i - a scroll of amnesia {unknown}
 m - a scroll of teleportation {unknown}
 p - a scroll of torment {unknown}
 r - 2 scrolls of noise {unknown}
 s - 2 scrolls of identify {unknown}
 v - 2 scrolls of blinking {unknown}
 x - a scroll of vulnerability {unknown}
 C - a scroll of immolation {unknown}
 E - a scroll of brand weapon {unknown}
Potions
 b - 2 potions of magic
 j - 2 potions of might
 k - 2 potions of degeneration
 n - 3 potions of attraction {unknown}
 q - 2 potions of flight
 t - 5 potions of curing {unknown}
 w - a potion of berserk rage {unknown}
 z - a potion of heal wounds {unknown}
 A - a potion of invisibility {unknown}
 D - a potion of haste {unknown}


   Skills:
 + Level 3.2 Dodging
 - Level 2.0 Stealth
 + Level 0.0 Shields
 * Level 2.8 Unarmed Combat
 - Level 2.1 Spellcasting
 + Level 5.2 Ice Magic


You had 5 spell levels left.
You knew the following spells:

 Your Spells              Type           Power      Damage    Failure   Level
a - Freeze                Ice            100%       1d11      2%          1
b - Frozen Ramparts       Ice            54%        1d9       7%          3

Your spell library contained the following spells:

 Spells                   Type           Power      Damage    Failure   Level
 Ozocubu's Armour         Ice            27%        N/A       7%          3
 Inner Flame              Hex/Fire       2%         N/A       52%         3
 Hailstorm                Conj/Ice       15%        3d5       56%         4
 Cause Fear               Hex            1%         N/A       89%         4
 Discord                  Hex            1%         N/A       100%        8


Dungeon Overview and Level Annotations

Branches:
Dungeon (5/15)
 Temple: D:4-7

Altars:
Uskayaw


Innate Abilities, Weirdness & Mutations

You have claws for hands.
You have an extremely huge brain. (Int +4)


Message History

The wall freezes the gnoll.
You kill the gnoll!
Your frozen ramparts will break if you move.
Continue?
Okay, then.
Your frozen ramparts will break if you move.
Continue?
The frozen ramparts melt away as you move.
The gnoll sergeant barely misses you.
You see here a +0 whip.
Unknown command.
Casting: Freeze (safe; 1% risk of failure)
Confirm with . or Enter, or press ? or * to list all spells.
Casting: Frozen Ramparts (dangerous; 5% risk of failure)
Press: ? - help, Dir - look around, f - activate The walls around you are covered in ice.
The gnoll shouts!
You hear a shout!
The wall freezes the gnoll sergeant but does no damage.
The gnoll sergeant hits you with a +3 vorpal spear!
Unknown command.
You freeze the gnoll sergeant.
The gnoll sergeant is moderately wounded.
The wall freezes the gnoll sergeant.
The gnoll sergeant hits you with a +3 vorpal spear.
It was a potion of might.
You feel very mighty all of a sudden.
The wall freezes the gnoll sergeant!
The gnoll sergeant hits you with a +3 vorpal spear!
* * * LOW HITPOINT WARNING * * *
x2 Your magical contamination has completely faded away.
It was a potion of degeneration.
There was something very wrong with that liquid.
You feel weakened.
You feel dopey.
You feel clumsy.
The wall freezes the gnoll sergeant but does no damage.
The gnoll sergeant completely misses you.
The wall freezes the gnoll!
It was a potion of flight.
You feel very buoyant.
You fly up into the air.
The wall freezes the gnoll sergeant but does no damage.
The gnoll sergeant hits you with a +3 vorpal spear!
You die...

.......##+##.#
#....#.#
....##### ..#
#..#...# ..#.
#... #..#.#.# ..#
#
#.###.###..#.#.##
.? #.
#......#....#
##.##.
######.######
...... #.#
......########.#
>......gg@.....#
......##########
...... ..#### .


You could see a gnoll sergeant and a gnoll.

Vanquished Creatures
  A scorpion (D:4)
  An orc priest (D:3)
  2 orc wizards
  4 gnolls
  3 adders
  An ufetubus (D:4)
  3 worms
  5 dart slugs
  11 orcs
  7 ball pythons
  7 endoplasms
  2 giant cockroaches
  4 goblins
  8 hobgoblins
  6 jackals (D:2)
  2 quokkas (D:2)
  6 bats
  3 frilled lizards
  A kobold (D:1)
  A rat (D:1)
78 creatures vanquished.

Notes
Turn   | Place    | Note
-------+----------+-------------------------------------------
     0 | D:1      | Sharkman1231 the Demonspawn Ice Elementalist began the
                  | quest for the Orb.
     0 | D:1      | Reached XP level 1. HP: 13/13 MP: 3/3
   362 | D:1      | Gained mutation: You have sharp fingernails. [demonic
                  | ancestry]
   362 | D:1      | Reached XP level 2. HP: 19/19 MP: 3/5
   860 | D:1      | Reached skill level 4 in Ice Magic
  1337 | D:2      | Gained mutation: You have very sharp fingernails. [demonic
                  | ancestry]
  1337 | D:2      | Reached XP level 3. HP: 18/24 MP: 2/6
  1737 | D:2      | Reached skill level 1 in Unarmed Combat
  1831 | D:2      | Found a hide-covered altar of Uskayaw.
  1915 | D:2      | Learned a level 3 spell: Frozen Ramparts
  1972 | D:2      | Found a faded altar of an unknown god.
  2116 | D:2      | Gained mutation: You have an unusually large brain. (Int
                  | +2) [demonic ancestry]
  2116 | D:2      | Reached XP level 4. HP: 24/30 MP: 7/7
  2931 | D:3      | Gained mutation: You have an extremely huge brain. (Int +4)
                  | [demonic ancestry]
  2931 | D:3      | Reached XP level 5. HP: 34/35 MP: 8/8
  4094 | D:4      | Reached skill level 5 in Ice Magic
  4215 | D:4      | Gained mutation: You have claws for hands. [demonic
                  | ancestry]
  4215 | D:4      | Reached XP level 6. HP: 41/41 MP: 5/9
  4929 | D:5      | Entered Level 5 of the Dungeon
  5050 | D:5      | HP: 2/41 [gnoll sergeant/+3 vorpal spear (2)]
  5052 | D:5      | Mangled by a gnoll sergeant

Illustrated notes

Levels and vault maps discovered:
D:1:      kennysheep_arrival_seaside, layout_basic
D:2:      cheibrodos_helix_gallery, layout_basic, basic_ecumenical_altar,
          basic_altar
D:3:      minmay_wonky_spiral, layout_rooms
D:4:      layout_cave_pods, chequers_hall_statues_y, kennysheep_generic_room_11
D:5:      layout_basic, mainiacjoe_overflow_alcove_4,
          gammafunk_temple_overflow_elements, minmay_temple_entry_tees,
          nrook_uturn

Skill      XL: |  1  2  3  4  5 |
---------------+----------------+-----
Stealth        | 2 |  2.0
Dodging        | 2 3 |  3.2
Ice Magic      | 4 5 |  5.2
Unarmed Combat | 1 2 |  2.8
Spellcasting   | |  2.1

Action                   |  1- 3 |  4- 6 || total
-------------------------+-------+-------++-------
Melee: Unarmed           |    11 |    28 ||    39
       Whip              |     9 |       ||     9
 Cast: Freeze            |    64 |    38 ||   102
       Frozen Ramparts   |       |     8 ||     8
  Use: Potion            |       |     3 ||     3
 Stab: Sleeping          |     1 |     1 ||     2
Armor: Robe              |    13 |       ||    13
       Leather armour    |       |    23 ||    23
Dodge: Dodged            |    34 |    36 ||    70
